 Dungeon Crawl Stone Soup version bcrawl-1.21.3 (webtiles) character file.

Game seed: 11033961108506413629

88 Flugslaktarn the Sneak (level 4, -6/27 HPs)
             Began as a Skeleton Archaeologist on Mar 28, 2020.
             Killed by divine providence
             ... invoked by an orc priest
              (11 damage)
             ... on level 3 of the Dungeon.
             The game lasted 00:01:17 (1599 turns).

Flugslaktarn the Sneak (Skeleton Archaeologist)     Turns: 1599, Time: 00:01:17

Health: -6/27      AC: 10    Str: 19      XL:     4   Next: 29%
Magic:  0/4        EV: 11    Int: 11 (12) God:
Gold:   185        SH:  0    Dex:  7      Spells: 3/3 levels left

rFire    . . .     SeeInvis +   j - +0 hand axe
rCold    + . .     Gourm    .   (no shield)
rNeg     + + +     Faith    .   g - +0 scale mail
rPois    ∞         Spirit   +   c - +1 hat
rElec    .         Reflect  .   p - +0 cloak
rCorr    .         Harm     .   (no gloves)
MR       .....                  d - +1 pair of boots
Stlth    +.........             (no amulet)
HPRegen  0.09/turn              i - ring of see invisible
MPRegen  0.09/turn              (no ring)

@: no status effects
A: no food or potions, cold resistance 1, deterioration 1, negative energy
resistance 3, torment resistance, unbreathing, magic shield, sturdy frame 1,
spell healing
a: no special abilities


You were on level 3 of the Dungeon.
You were not hungry.

You visited 1 branch of the dungeon, and saw 3 of its levels.

You collected 185 gold pieces.

Inventory:

Hand Weapons
 a - a +0 whip
 j - a +0 hand axe (weapon)
   (You found it on level 1 of the Dungeon)
Armour
 c - a +1 hat (worn)
 d - a +1 pair of boots (worn)
 g - a +0 scale mail (worn)
   (You found it on level 1 of the Dungeon)
 p - a +0 cloak (worn)
   (You found it on level 2 of the Dungeon)
Jewellery
 i - a ring of see invisible (left hand)
   (You found it on level 1 of the Dungeon)
 l - a +3 ring of intelligence {unknown}
   (You found it on level 2 of the Dungeon)
 o - an uncursed ring of flight {unknown}
   (You found it on level 2 of the Dungeon)
Wands
 n - a wand of scattershot (2)
   (You found it on level 2 of the Dungeon)
Scrolls
 b - 3 scrolls of remove curse {unknown}
 e - 2 scrolls of magic mapping
 h - a scroll of immolation {unknown}
 k - 2 scrolls of identify {unknown}
 m - 2 scrolls of amnesia {unknown}
Miscellaneous
 f - a dusty tome


   Skills:
 * Level 2.8 Fighting
 * Level 2.2(2.6) Axes
 - Level 1.8(2.3) Maces & Flails
 + Level 1.7 Armour
 - Level 3.0 Dodging
 - Level 3.6 Stealth


You had 3 spell levels left.
You didn't know any spells.
Your spell library was empty.

Dungeon Overview and Level Annotations

Branches:
Dungeon (3/12)

Altars:
Fedhas


Innate Abilities, Weirdness & Mutations

You do not eat or drink.
You are immune to poison.
Your flesh is cold resistant. (rC+)
Your body sometimes deteriorates upon taking damage.
You are immune to negative energy. (rN+++)
You are immune to unholy pain and torment.
You can survive without breathing.
When hurt, damage is shared between your health and your magic reserves.
Your movements are slightly less encumbered by armour. (ER -2)
Casting spells heals you.


Message History

You slash the orc!
You kill the orc!
The orc priest invokes the aid of Beogh against you.
Beogh smites you! The orc closely misses you.
You hit the orc but do no damage.
The orc is severely wounded.
The orc priest invokes the aid of Beogh against you.
Beogh smites you!
* * * LOW HITPOINT WARNING * * *
The orc hits you but does no damage.
You are too injured to fight recklessly!
You are too injured to fight recklessly!
You are too injured to fight recklessly!
You are too injured to fight recklessly!
You are too injured to fight recklessly!
You are too injured to fight recklessly!
Unknown command.
The orc priest calls down the wrath of Beogh upon you.
Beogh smites you!
You die...

.......(...#
.o.........#
...........#
..o.......#####
#......o.......
########.####
##.....#.[...##
##.....o.......## .
#..@o...........#...
#..............$....
#................#..
#...................
#...............##..
#...............# .
##................
##.....#.....##...
############# >#.


You could see an orc priest and an orc.

Vanquished Creatures
  A hound (D:3)
  An adder (D:2)
  A dart slug (D:2)
  3 leopard geckos (D:1)
  An orc (D:3)
  2 ball pythons (D:2)
  7 bats
  2 giant cockroaches
  7 hobgoblins
  4 jackals (D:2)
  3 kobolds
  A quokka (D:2)
  A frilled lizard (D:2)
  6 rats
40 creatures vanquished.

Notes
Turn   | Place    | Note
-------+----------+-------------------------------------------
     0 | D:1      | Flugslaktarn the Skeleton Archaeologist began the quest for
                  | the Orb.
     0 | D:1      | Reached XP level 1. HP: 12/12 MP: 1/1
   162 | D:1      | Reached XP level 2. HP: 15/16 MP: 2/2
   390 | D:1      | Reached skill level 1 in Armour
   782 | D:2      | Found a blossoming altar of Fedhas.
   794 | D:2      | Reached skill level 1 in Axes
   794 | D:2      | Reached XP level 3. HP: 21/21 MP: 3/3
  1365 | D:3      | Reached XP level 4. HP: 7/27 MP: 0/4
  1599 | D:3      | Killed from afar by an orc priest

Skill      XL: |  1  2  3 |
---------------+----------+-----
Armour         | 1 |  1.7
Fighting       | 2 |  2.8
Axes           | 1 2 |  2.2
Maces & Flails | |  1.8
Dodging        | |  3.0
Stealth        | |  3.6

Action                   |  1- 3 |  4- 6 || total
-------------------------+-------+-------++-------
Melee: Whip              |    50 |       ||    50
       Hand axe          |   112 |     4 ||   116
 Stab: Sleeping          |     2 |       ||     2
Armor: Robe              |     7 |       ||     7
       Scale mail        |    86 |     2 ||    88
Dodge: Dodged            |   131 |     2 ||   133
